 Dungeon Crawl Stone Soup version 0.16.0-8-gd9ae3a8 (webtiles) character file.

23 Rotinaj the Grave Robber (level 3, -2/25 (26) HPs)
             Began as a Ghoul Necromancer on Mar 16, 2015.
             Slain by an adder (4 damage)
             ... on level 2 of the Dungeon.
             The game lasted 00:08:05 (1010 turns).

Rotinaj the Grave Robber (Ghoul Necromancer)        Turns: 1010, Time: 00:08:05

HP:   -2/25 (26)    AC:  2    Str: 11    XL:     3   Next: 0%
MP:   5/5           EV: 17    Int: 11    God:
Gold: 21            SH:  0    Dex: 14    Spells: 2 memorised, 3 levels left

rFire  . . .     SeeInvis .     c - +0 club
rCold  + . .     Clarity  .     k - +0 robe
rNeg   + + +     SustAb   .     (no shield)
rPois  ∞         Gourm    .     (no helmet)
rElec  .         Spirit   .     (no cloak)
rCorr  .         Warding  .     (no gloves)
rMut   .         Stasis   .     (no boots)
MR     .....                    (no amulet)
Stlth  +++.......               (no ring)
                                (no ring)

@: agile, rotting, not resistant to hostile enchantments, fairly stealthy
A: rotting body, claws 1, carnivore 3, cold resistance 1, negative energy
resistance 3, poison resistance, slow healing 1, torment resistance, unbreathing
a: no special abilities


You were on level 2 of the Dungeon.
You were not hungry.

You visited 1 branch of the dungeon, and saw 2 of its levels.

You collected 21 gold pieces.

Inventory:

Hand weapons
 c - a +0 club (weapon)
Armour
 a - a +0 robe
 k - a +0 robe (worn)
Scrolls
 e - a scroll of blinking {unknown}
 i - a scroll of recharging {unknown}
 j - a scroll of teleportation {unknown}
 l - a scroll of amnesia {unknown}
 n - a scroll of remove curse {unknown}
Books
 b - a book of Necromancy

   Spells                             Type                      Level
   a - Pain                           Necromancy                   1
   b - Animate Skeleton               Necromancy                   1
   c - Vampiric Draining              Necromancy                   3
   d - Regeneration                   Charms/Necromancy            3
   e - Animate Dead                   Necromancy                   4
   f - Control Undead                 Necromancy                   4
Comestibles
 d - a beef jerky
 f - 3 chunks of flesh
 g - a meat ration
 h - 5 fruits


   Skills:
 - Level 1.7 Dodging
 + Level 2.2 Stealth
 + Level 1.9 Spellcasting
 + Level 4.7 Necromancy


You had 3 spell levels left.
You knew the following spells:

 Your Spells              Type           Power        Failure   Level  Hunger
a - Pain                  Necr           ##..         4%          1    ##.....
b - Animate Skeleton      Necr           N/A          4%          1    ##.....


Dungeon Overview and Level Annotations

Branches:
Dungeon (2/15)

Altars:


Innate Abilities, Weirdness & Mutations

Your body is rotting away.
You thrive on raw meat.
You have sharp fingernails.
You are carnivorous and can eat meat at any time.
Your flesh is cold resistant.
You are immune to negative energy.
Your system is resistant to poisons.
You heal slowly when monsters are visible.
You are immune to unholy pain and torment.
You can survive without breathing.


Message History

The adder bites you. The adder barely misses you.
You closely miss the adder.
The adder is moderately wounded.
The adder bites you.
* * * LOW HITPOINT WARNING * * *
The adder closely misses you.
You barely miss the adder.
The adder is moderately wounded.
The adder bites you.
* * * LOW HITPOINT WARNING * * *
Drink which item? (? for menu, Esc to quit)
It was a potion of agility.
You feel agile all of a sudden. The adder bites you.
* * * LOW HITPOINT WARNING * * *
The adder closely misses you. The adder bites you but does no damage.
The adder misses you. The adder bites you.
You die...

########.#
#######........#
#..............#
#.#####.########
#.# #S# ##@##
#...# ##.## #.#
#.### #...#
###.# #.# #.#


You could see an adder.

Vanquished Creatures
  2 giant geckos (D:1)
  An ooze (D:1)
  A bat (D:1)
  A giant cockroach (D:1)
  3 hobgoblins
  A kobold (D:1)
  2 giant newts (D:1)
  3 goblins (D:1)
  3 rats (D:1)
17 creatures vanquished.

Vanquished Creatures (collateral kills)
  A goblin (D:1)
  A jackal (D:1)
  A bat (D:1)
3 creatures vanquished.

Vanquished Creatures (others)
  A bat skeleton (D:1)
  A giant newt skeleton (D:1)
  A goblin skeleton (D:1)
  A hobgoblin skeleton (D:1)
  A jackal skeleton (D:1)
  A kobold skeleton (D:1)
  A rat skeleton (D:1)
7 creatures vanquished.

Grand Total: 27 creatures vanquished

Notes
Turn   | Place    | Note
--------------------------------------------------------------
     0 | D:1      | Rotinaj, the Ghoul Necromancer, began the quest for the Orb.
     0 | D:1      | Reached XP level 1. HP: 14/14 MP: 2/2
     3 | D:1      | Learned a level 1 spell: Animate Skeleton
   381 | D:1      | Reached XP level 2. HP: 19/19 MP: 3/3
   991 | D:2      | Reached XP level 3. HP: 25/25 MP: 5/5
  1010 | D:2      | Slain by an adder

Action                   || total
-------------------------++-------
Melee: Club              ||    62
 Cast: Animate Skeleton  ||     8
  Use: Scroll            ||     1
       Potion            ||     1
  Eat: Chunk             ||     3
